 Dungeon Crawl Stone Soup version 0.20-a0-633-gff4aa5c (webtiles) character file.

13164 presbutan the Carver (level 11, -8/106 HPs)
             Began as a Minotaur Berserker on Feb 12, 2017.
             Was a High Priest of Trog.
             Mangled by a vampire (9 damage)
             ... on level 12 of the Dungeon.
             The game lasted 00:34:07 (10860 turns).

presbutan the Carver (Minotaur Berserker)          Turns: 10860, Time: 00:34:08

Health: -8/106     AC: 17    Str: 26    XL:     11   Next: 72%
Magic:  10/10      EV:  7    Int:  6    God:    Trog [*****.]
Gold:   589        SH: 21    Dex: 13    Spells: 10/10 levels left

rFire    . . .     SeeInvis .   S - +5 rapier "Huol" {pierce, MR+ Str+4}
rCold    . . .     Gourm    .   u - +0 plate armour
rNeg     . . .     Faith    .   W - +0 large shield
rPois    .         Spirit   .   (helmet restricted)
rElec    +         Reflect  +   (no cloak)
rCorr    .         Harm     .   (no gloves)
MR       +....     Rnd*Tele +   U - +1 pair of boots
Stlth    ..........             o - +6 amulet of reflection
Regen    0.3/turn               (no ring)
                                r - +6 ring of protection

@: no status effects
A: retaliatory headbutt, horns 2, clever 1, deformed body, sense surroundings 1,
electricity resistance, teleportitis 1, subdued magic 1
a: Berserk, Trog's Hand, Brothers in Arms, Burn Spellbooks, Renounce Religion


You were on level 12 of the Dungeon.
You worshipped Trog.
Trog was extremely pleased with you.
You were very hungry.

You visited 1 branch of the dungeon, and saw 12 of its levels.

You collected 794 gold pieces.
You spent 205 gold pieces at shops.

Inventory:

Hand Weapons
 B - the +7 morningstar of Destiny {crush, *Rage rC+++ SInv Stlth+}
   (You bought it in a shop on level 4 of the Dungeon)

   It inflicts extra damage upon your enemies.
   It renders you almost immune to cold.
   It lets you see invisible.
   It may make you go berserk in combat.
   It makes you more stealthy.
 S - the +5 rapier "Huol" (weapon) {pierce, MR+ Str+4}
   (You took it off a kobold on level 8 of the Dungeon)

   It inflicts extra damage upon your enemies.
   It affects your strength (+4).
   It affects your resistance to hostile enchantments.
 X - a +0 scimitar
Missiles
 D - 46 bolts
Armour
 u - a +0 plate armour (worn)
 U - a +1 pair of boots (worn)
 W - a +0 large shield (worn)
Jewellery
 m - an uncursed ring of flight
 n - an uncursed ring of positive energy
 o - a +6 amulet of reflection (around neck)
 r - a +6 ring of protection (left hand)
Wands
 b - a wand of digging (11/24)
 E - a wand of lightning (3/15)
 J - a wand of acid (4/15)
 Y - a wand of paralysis (9/24)
 Z - a wand of scattershot (4/9)
Scrolls
 d - 3 scrolls of fear {unknown}
 e - a scroll of blinking {unknown}
 g - 9 scrolls of identify
 h - 2 scrolls of random uselessness {unknown}
 i - 3 scrolls of magic mapping
 j - 2 scrolls of remove curse
 l - 3 scrolls of fog {unknown}
 s - 3 scrolls of enchant weapon {unknown}
 x - a scroll of immolation {unknown}
 y - 2 scrolls of amnesia {unknown}
 C - a scroll of recharging {unknown}
 L - a scroll of vulnerability {unknown}
 P - 2 scrolls of enchant armour {unknown}
 Q - a scroll of torment {unknown}
 R - a scroll of teleportation {unknown}
Potions
 q - 9 potions of heal wounds
 v - 4 potions of curing
 z - 3 potions of flight
 A - a potion of lignification
 O - a potion of resistance
Books
 w - a book of Misfortune

   Spells                             Type                      Level
   a - Confusing Touch                Hexes                        1
   b - Confuse                        Hexes                        3
   c - Gell's Gravitas                Hexes/Translocation          3
   d - Petrify                        Transmutation/Earth          4
   e - Metabolic Englaciation         Hexes/Ice                    5
   f - Yara's Violent Unravelling     Hexes/Transmutation          5
   Trog disapproves of the use of such an item.
 M - a book of Cantrips

   Spells                             Type                      Level
   a - Confusing Touch                Hexes                        1
   b - Animate Skeleton               Necromancy                   1
   c - Summon Small Mammal            Summoning                    1
   d - Apportation                    Translocation                1
   Trog disapproves of the use of such an item.
 T - a book of Battle

   Spells                             Type                      Level
   a - Infusion                       Charms                       1
   b - Shroud of Golubria             Charms/Translocation         2
   c - Song of Slaying                Charms                       2
   d - Spectral Weapon                Hexes/Charms                 3
   e - Regeneration                   Charms/Necromancy            3
   Trog disapproves of the use of such an item.
Comestibles
 c - 12 bread rations
 f - 8 fruits
 p - 5 meat rations
 F - 8 royal jellies


   Skills:
 * Level 12.8 Fighting
 * Level 13.4 Long Blades
 + Level 9.4 Armour
 + Level 8.6 Dodging
 + Level 3.4 Shields


You had 10 spell levels left.
You didn't know any spells.

Dungeon Overview and Level Annotations

Branches:
Dungeon (12/15)            Temple (0/1) D:6            Lair (0/6) D:8
    Orc (0/2) D:10

Altars:
Dithmenos
Gozag
Kikubaaqudgha
Ru
Trog
Xom
Beogh

Shops:
D:4 [*(((   D:7 *   D:8 :(


Innate Abilities, Weirdness & Mutations

You reflexively headbutt those who attack you in melee.
You have a pair of horns on your head.
Your mind is acute. (Int +2)
Armour fits poorly on your strangely shaped body.
You passively map a small area around you.
You are resistant to electric shocks. (rElec)
You are occasionally teleported next to monsters.
Your spells are a little easier to cast, but a little less powerful.


Message History

Your shield and plate armour prevent you from hitting something.
Something hits you. Something bites you.
Something draws strength from your injuries!
You puncture something! Something hits you.
Something bites you but does no damage.
You miss something. You block something's attack. Something bites you.
Something draws strength from your injuries!
You hit something. You headbutt something!
Unholy energy fills the air.
* * * LOW HITPOINT WARNING * * *
You miss something. You headbutt something!
Something hits you but does no damage. Something bites you.
* * * LOW HITPOINT WARNING * * *
Something draws strength from your injuries!
Your shield and plate armour prevent you from hitting something.
Your headbutt misses something.
Unholy energy fills the air.
* * * LOW HITPOINT WARNING * * *
You miss something. You headbutt something. Something hits you.
* * * LOW HITPOINT WARNING * * *
Something bites you!
You die...

, ###...... **
, #.......#
,,.......# *
#.....## , , *
*#.....# * *
#....## **#. *
##....######...
#{†.....#....#
. *
#@.#.......#* *
. *
##.####...### .
*#..# ##..# . *
*, * #..## ##.#
##. ,.....
#.#######.. * ,
#.....
##...)##.... ,
##....
*#.........<.
##..., *
#............
*#...
............###


There were no monsters in sight!

Vanquished Creatures
  A two-headed ogre (D:9)
  An unseen horror (D:10)
  An orc knight (D:10)
  An ugly thing (D:9)
  3 centaur zombies
  A gargoyle (D:12)
  6 slime creatures (D:12)
  Prince Ribbit (D:7)
  A hornet (D:9)
  Sigmund (D:6)
  3 yaks (D:11)
  A wyvern (D:11)
  A human (D:7)
  A hungry ghost (D:7)
  4 hogs (D:7)
  2 chaos spawn (D:8)
  2 water moccasins
  9 orc warriors
  2 ice beasts
  2 black bears
  2 sky beasts
  2 necrophages
  An eye of draining (D:10)
  2 phantoms
  8 ogres
  10 centaurs
  2 gnoll sergeants (D:8)
  3 bullfrogs
  3 big kobolds
  3 scorpions
  5 killer bees (D:8)
  7 wights
  4 howler monkeys
  2 bullfrog zombies
  7 crimson imps
  10 hounds
  2 centaur skeletons (D:10)
  3 jellies
  15 orc priests
  2 bullfrog skeletons
  2 iguanas
  5 orc wizards
  8 worker ants
  A howler monkey zombie (D:6)
  13 adders
  9 gnolls
  A howler monkey skeleton (D:5)
  2 shadow imps
  An ooze (D:3)
  An adder zombie (D:8)
  2 adder skeletons
  3 worms (D:3)
  2 dart slugs
  13 leopard geckos
  50 orcs
  5 bats
  6 giant cockroaches
  9 goblins
  11 hobgoblins
  13 jackals
  21 kobolds
  6 quokkas
  A ball python (D:1)
  A frilled lizard (D:1)
  A leopard gecko skeleton (D:6)
  A quokka skeleton (D:5)
  11 rats
336 creatures vanquished.

Vanquished Creatures (others)
  3 fungi (D:8)
  19 plants (D:8)
22 creatures vanquished.

Grand Total: 358 creatures vanquished

Notes
Turn   | Place    | Note
-------+----------+-------------------------------------------
     0 | D:1      | presbutan the Minotaur Berserker began the quest for the Orb.
     0 | D:1      | Reached XP level 1. HP: 19/19 MP: 0/0
    76 | D:1      | Reached skill level 4 in Long Blades
   250 | D:1      | Reached XP level 2. HP: 16/26 MP: 1/1
   677 | D:1      | Gained mutation: You are occasionally teleported next to monsters. [potion of mutation]
   677 | D:1      | Gained mutation: You are resistant to electric shocks. (rElec) [potion of mutation]
   770 | D:1      | Reached skill level 5 in Long Blades
   780 | D:1      | Reached ** piety under Trog
   833 | D:2      | Reached XP level 3. HP: 31/31 MP: 2/2
  1374 | D:2      | Found a shadowy altar of Dithmenos.
  1668 | D:3      | Reached XP level 4. HP: 36/39 MP: 3/3
  1729 | D:3      | Reached skill level 6 in Long Blades
  1878 | D:3      | Found a sacrificial altar of Ru.
  2094 | D:3      | Reached *** piety under Trog
  2271 | D:4      | Found Luwn's Antique Weapon Shop.
  2284 | D:4      | Bought a translucent morningstar for 153 gold pieces
  2284 | D:4      | Identified the +7 morningstar of Destiny {crush, *Rage rC+++ SInv Stlth+} (You bought it in a shop on level 4 of the Dungeon)
  2322 | D:4      | Found Loman's Antique Weapon Emporium.
  2393 | D:4      | Reached skill level 7 in Long Blades
  2393 | D:4      | Reached XP level 5. HP: 45/45 MP: 4/4
  2449 | D:4      | Found Noozar's General Store.
  2469 | D:4      | Found Ycin's Antique Armour Shoppe.
  2474 | D:4      | Noticed an ogre
  2481 | D:4      | Killed an ogre
  2481 | D:4      | Reached skill level 8 in Long Blades
  2481 | D:4      | Reached XP level 6. HP: 25/51 MP: 5/5
  2500 | D:4      | Found Ezapyije's Antique Weapon Boutique.
  2656 | D:4      | Found an ancient bone altar of Kikubaaqudgha.
  3116 | D:4      | Reached skill level 9 in Long Blades
  3362 | D:4      | Found an opulent altar of Gozag.
  3551 | D:5      | Entered Level 5 of the Dungeon
  3590 | D:5      | Reached XP level 7. HP: 57/57 MP: 6/6
  3597 | D:5      | Reached skill level 10 in Long Blades
  3628 | D:5      | Found a shimmering altar of Xom.
  4421 | D:6      | Reached skill level 11 in Long Blades
  4463 | D:6      | Reached XP level 8. HP: 54/64 MP: 7/7
  4512 | D:6      | Reached **** piety under Trog
  4632 | D:6      | Reached skill level 5 in Fighting
  4721 | D:6      | Noticed Sigmund
  4726 | D:6      | Killed Sigmund
  4788 | D:6      | Found a staircase to the Ecumenical Temple.
  5030 | D:6      | Gained mutation: Your mind is acute. (Int +2) [mutagenic meat]
  5032 | D:6      | Gained mutation: You passively map a small area around you. [mutagenic meat]
  5033 | D:6      | Gained mutation: Your spells are a little easier to cast, but a little less powerful. [mutagenic meat]
  5035 | D:6      | Gained mutation: You possess an exceptional clarity of mind. [mutagenic meat]
  5124 | D:6      | Reached XP level 9. HP: 78/78 MP: 8/8
  5217 | D:7      | Found Irylas's Assorted Antiques.
  5228 | D:7      | Bought a scroll labeled SYCZUM LUNGI for 26 gold pieces
  5228 | D:7      | Bought a scroll labeled ZEORGH FACENT for 26 gold pieces
  5279 | D:7      | Reached skill level 5 in Armour
  5394 | D:7      | Reached skill level 5 in Dodging
  5854 | D:7      | Noticed Prince Ribbit
  5866 | D:7      | Killed Prince Ribbit
  6082 | D:8      | Found Vafamih's Weapon Boutique.
  6204 | D:8      | Found a shimmering altar of Xom.
  6226 | D:8      | Reached skill level 10 in Fighting
  6226 | D:8      | Reached XP level 10. HP: 47/93 MP: 2/9
  6981 | D:8      | Reached ***** piety under Trog
  7271 | D:8      | Found a staircase to the Lair.
  7681 | D:8      | Got a steaming rapier {pierce}
  7682 | D:8      | Identified the +5 rapier "Huol" {pierce, MR+ Str+4} (You took it off a kobold on level 8 of the Dungeon)
  7873 | D:8      | Found Tycycik's Book Shoppe.
  8059 | D:9      | Found a bloodstained altar of Trog.
  8169 | D:9      | Noticed a two-headed ogre
  8181 | D:9      | Killed a two-headed ogre
  8181 | D:9      | Reached skill level 12 in Long Blades
  8331 | D:9      | Noticed a cyan ugly thing
  8343 | D:9      | Killed a cyan ugly thing
  8346 | D:9      | Gained mutation: Armour fits poorly on your strangely shaped body. [mutagenic meat]
  8347 | D:9      | Lost mutation: You possess an exceptional clarity of mind. [mutagenic meat]
  8887 | D:10     | Entered Level 10 of the Dungeon
  8892 | D:10     | Reached XP level 11. HP: 104/104 MP: 10/10
  9079 | D:10     | Killed an unseen horror
  9079 | D:10     | Reached skill level 1 in Shields
  9690 | D:10     | Noticed an orc knight
  9699 | D:10     | Found a roughly hewn altar of Beogh.
  9699 | D:10     | Found a staircase to the Orcish Mines.
  9714 | D:10     | Killed an orc knight
  9714 | D:10     | Reached skill level 13 in Long Blades
  9755 | D:10     | Received a gift from Trog
 10859 | D:12     | HP: 5/106 [something/vampiric draining (16)]
 10860 | D:12     | HP: 1/106 [something (4)]
 10860 | D:12     | Mangled by a vampire

Vault maps used:
D:1:      dpeg_arrival_ratfight, st_stairs_12, minmay_tetromino_o2
D:2:      lemuel_coloured_pillars_altar
D:3:      hangedman_ru_absence
D:4:      black_bear_nest_1, nicolae_overflow_hidden_temple, lemuel_round_altar,
          first_bread, serial_shops, shop_statue, kennysheep_little_box,
          nicolae_shop_trees, shop, shop
D:5:      minmay_opposing_rooms, xom_teletrap_fun, minmay_misc_feat_tower
D:6:      temple_green, sigmund_army
D:7:      serial_shops, shop, grunt_livestock, st_stairs_1, minmay_holes,
          uniq_prince_ribbit1
D:8:      kennysheep_housing_project, dpeg_oklobed_lair, serial_shops,
          kennysheep_mini, shop, minmay_guarded_unrand_variability
D:9:      minmay_distorted_concentric_squares, nicolae_overflow_crystal_walls,
          minivault_1, minmay_misc_feat_pillars
D:10:     david_orc_5
D:11:     serial_park_tiny_pond, minmay_splitting_lines
D:12:     wad_woods_stonehenge, uniq_erolcha

Skill      XL: |  1  2  3  4  5  6  7  8  9 10 11 |
---------------+----------------------------------+-----
Long Blades    | 4 5 7 8 9 11 12 13 | 13.4
Fighting       | 6 10 11 12 | 12.8
Armour         | 4 6 8 9 |  9.4
Dodging        | 4 6 7 8 |  8.6
Shields        | 3 |  3.4

Action                   |  1- 3 |  4- 6 |  7- 9 | 10-12 || total
-------------------------+-------+-------+-------+-------++-------
Melee: Falchion          |    88 |    62 |       |       ||   150
       Headbutt          |    13 |    16 |    37 |   100 ||   166
       Morningstar       |       |    46 |   166 |    97 ||   309
       Unarmed           |       |       |     4 |       ||     4
       Rapier            |       |       |       |   356 ||   356
Invok: Berserk           |       |       |     2 |     4 ||     6
       Trog's Hand       |       |       |       |     1 ||     1
  Use: Potion            |     7 |     2 |     3 |       ||    12
       Scroll            |       |     3 |       |     5 ||     8
 Stab: Sleeping          |       |       |     9 |     2 ||    11
       Distracted        |       |       |       |     2 ||     2
  Eat: Chunk             |     2 |     6 |    16 |    22 ||    46
       Fruit             |       |       |     1 |     1 ||     2
Armor: Animal skin       |     4 |       |       |       ||     4
       Ring mail         |     9 |    27 |    66 |   120 ||   222
       Plate armour      |       |       |       |    35 ||    35
Dodge: Dodged            |    44 |    48 |    99 |   224 ||   415
Block: Other             |    20 |    31 |    49 |    89 ||   189
       Reflection        |       |       |     2 |     6 ||     8
       Large shield      |       |       |       |   120 ||   120
       Rpst.: Falchion   |    16 |    10 |       |       ||    26
